 Dungeon Crawl Stone Soup version 0.32-a0-931-g5a2cda0630 (webtiles) character file.

Game seed: 416369742142324610

41 Aston the Poker (level 3, 0/29 HPs)
             Began as a Mountain Dwarf Reaver on Apr 14, 2024.
             Slain by an orc wizard
             ... wielding a +0 dagger
              (2 damage)
             ... on level 2 of the Dungeon.
             The game lasted 00:03:35 (1457 turns).

Aston the Poker (Mountain Dwarf Reaver)             Turns: 1457, Time: 00:03:36

Health: 0/29       AC:  5    Str: 15 (16) XL:     3   Next: 32%
Magic:  5/5        EV:  9    Int: 10 (13) God:
Gold:   119        SH:  0    Dex:  6 (8)  Spells: 4/5 levels left

rFire   . . .        l - +0 halberd
rCold   . . .        (shield currently unavailable)
rNeg    . . .        h - +0 ring mail
rPois   .            (no helmet)
rElec   .            (no cloak)
rCorr   .            (no gloves)
SInv    .            (no boots)
Will    +....        (no amulet) Stlth
                     (no ring)
HPRegen 0.24/turn    (no ring)
MPRegen 0.09/turn

%: no passive effects
@: attractive, enlightened, flying
A: runic magic, artefact enchanting
a: no special abilities


You were on level 2 of the Dungeon.
You visited 1 branch of the dungeon, and saw 3 of its levels.

You collected 119 gold pieces.

Inventory:

Hand Weapons
 a - a +0 sling
 i - a +0 spear
 l - a +0 halberd (weapon)
Armour
 b - a +0 leather armour
 h - a +0 ring mail (worn)
Scrolls
 e - a scroll of immolation {unknown}
 f - a scroll of teleportation {unknown}
 g - 2 scrolls of identify {unknown}
Potions
 c - a potion of attraction
 d - a potion of degeneration


   Skills:
 - Level 2.1 Fighting
 + Level 4.4 Polearms
 - Level 1.3 Dodging
 - Level 1.7 Spellcasting
 - Level 2.6 Conjurations


You had 4 spell levels left.
You knew the following spells:

 Your Spells              Type           Power      Damage    Failure   Level
a - Kiss of Death         Conj/Necr      12%        2d6       22%         1

Your spell library contained the following spells:

 Spells                   Type           Power      Damage    Failure   Level
 Foxfire                  Conj/Fire      12%        2x1d4     22%         1
 Momentum Strike          Conj/Tloc      6%         3d8       32%         2
 Hailstorm                Conj/Ice       3%         3d5       54%         3
 Plasma Beam              Fire/Air       0%         2x1d10    100%        6
 Starburst                Conj/Fire      1%         6d3       100%        6


Dungeon Overview and Level Annotations

Branches:
Dungeon (3/15)

Altars:


Innate Abilities, Weirdness & Mutations

Your spellcasting is much less encumbered by armour.
You can use scrolls of enchantment on lesser artefacts.


Message History

Something tries to affect you, but you resist.
You barely miss something. Something hits you.
You closely miss something. Something hits you but does no damage.
You barely miss something.
Something hits you but does no damage. x2
You miss something.
You hear some strange, mumbled words.
You are confused.
You hear some strange, mumbled words.
Something tries to affect you, but you resist.
You bump into the rock wall.
You bump into the rock wall.
Something hits you.
You bump into the rock wall.
Something hits you.
It was a potion of attraction.
You feel attractive to monsters.
You feel less confused. Something hits you.
It was a potion of degeneration.
There was something very wrong with that liquid.
You feel weakened.
You feel dopey.
You feel clumsy. Something hits you but does no damage.
It was a potion of magic.
Magic courses through your body. Something hits you.
* * * LOW HITPOINT WARNING * * *
It was a potion of enlightenment.
You feel very buoyant.
You fly up into the air.
Something hits you but does no damage.
You aren't carrying any items that you can evoke.
You miss something. Something hits you but does no damage.
You miss something. Something completely misses you.
You barely miss something. Something hits you but does no damage.
Something hits you.
* * * LOW HITPOINT WARNING * * *
You closely miss something. Something hits you.
* * * LOW HITPOINT WARNING * * *
You miss something. Something hits you.
* * * LOW HITPOINT WARNING * * *
You barely miss something.
Reactivating autopickup.
An orc wizard appears from thin air!
The orc wizard hits you but does no damage.
The orc wizard hits you with a +0 dagger.
You die...

####### #.....#
############
##.###.#
#..........# #..#
#.# #.########.#
#..###.# ##### #.#
#.# #......# #...^
#.# ######.#
##.##.### #.### #.#
#...##.#######...#.#
#.# #[#
#.#........@oo.#...#
#.# #.#
#...##.#######...#.#
#.# #.# ##.###.#
#####.##.#####.###
#.# #.# #.#
#.....##.........#
#.# #.# #.#
#.####............
#.####.###.# #.#
#.#.#####.#.#
#..........# #)#
#.#.# #.#..
######.##### #.#
#.#.# #.#.# #.# #.#
#.#.# #.#.#


You could see an orc wizard and an orc.

Vanquished Creatures
  A dart slug (D:2)
  2 ball pythons (D:1)
  2 bats (D:1)
  7 endoplasms
  4 goblins
  3 hobgoblins
  2 kobolds
  3 quokkas
  5 frilled lizards
  7 rats
  A spectral goblin (D:2)
37 creatures vanquished.

Notes
Turn   | Place    | Note
-------+----------+-------------------------------------------
     0 | D:1      | Aston the Mountain Dwarf Reaver began the quest for the
                  | Orb.
     0 | D:1      | Reached XP level 1. HP: 17/17 MP: 3/3
   131 | D:1      | Reached XP level 2. HP: 24/24 MP: 4/4
   379 | D:1      | Reached skill level 4 in Polearms
   717 | D:2      | Reached XP level 3. HP: 23/27 MP: 5/5
   860 | D:2      | Found a faded altar of an unknown god.
  1456 | D:2      | HP: 1/29 [something (3)]
  1457 | D:2      | Slain by an orc wizard

Illustrated notes

Levels and vault maps discovered:
D:1:      sevenhm_arrival_forest_fort_small_4, layout_rooms
D:2:      layout_loops_ring, dreamdust_ecumenical_altar_drowned_temple
D:3:      layout_basic, mainiacjoe_overflow_cross_hatched,
          kennysheep_nondescript, uniq_jessica

Skill      XL: |  1  2 |
---------------+-------+-----
Polearms       | 4 |  4.4
Fighting       | |  2.1
Dodging        | |  1.3
Spellcasting   | |  1.7
Conjurations   | |  2.6

Action                     || total
---------------------------++-------
  Melee: Spear             ||   100
         Halberd           ||    49
   Cast: Kiss of Death     ||     1
    Use: Potion            ||     4
 Armour: Leather armour    ||    36
         Ring mail         ||    58
  Dodge: Dodged            ||    50

Table legend: (Time is in decaauts)
 A = Elapsed time spent in this place.
 B = Non-inter-level travel time spent in this place.
 C = Inter-level travel time spent in this place.
 D = Time resting spent in this place.
 E = Time spent auto-exploring this place.
 F = Levels seen in this place.
 G = Mean time per level.
                   A        B        C        D        E       F      G
               +--------+--------+--------+--------+--------+-----+--------+
         Total |   1478 |   1440 |     38 |    149 |    885 |   3 |  492.7 |
       Dungeon |   1478 |   1440 |     38 |    149 |    885 |   3 |  492.7 |
               +--------+--------+--------+--------+--------+-----+--------+

Top non-repeatable levels by time:
     D:2: 803 daAuts
     D:1: 610 daAuts
     D:3: 64 daAuts
